 Dungeon Crawl Stone Soup version 0.21.1-1-g345015f (webtiles) character file.

68348 suicidejoker the Victor of a Thousand Battles (level 14, -1/105 (108) HPs)
             Began as a Demonspawn Fighter on May 10, 2018.
             Was the Champion of Okawaru.
             Slain by an orc warlord
             ... wielding a +8 long sword of slicing
              (14 damage)
             ... on level 2 of the Orcish Mines.
             The game lasted 01:29:57 (19307 turns).

suicidejoker (DsFi)                                Turns: 19307, Time: 01:29:58

HP:   -1/105 (108)  AC: 34    Str: 18    XL:     14   Next: 86%
MP:   0/24          EV: 19    Int: 10    God:    Okawaru [******]
Gold: 3157          SH:  0    Dex: 19    Spells: 13/13 levels left

rFire    + + .     SeeInvis .   a - +7 bardiche (vamp)
rCold    . . .     Gourm    .   (shield currently unavailable)
rNeg     . . .     Faith    +   O - +7 Kryia's mail coat {PotionHeal*2 rC+}
rPois    +         Spirit   +   v - +2 hat "Rahikos" {rC- Regen+ Dex+3}
rElec    .         Reflect  .   Y - +2 cloak {rPois}
rCorr    +         Harm     .   P - +3 pair of gauntlets of War {Slay+5}
MR       ++++.                  (no boots)
Stlth    ++++++++..             T - amulet "Doul" {Faith *Drain rF++ MR+++}
HPRegen  0.67/turn              W - +5 ring of protection
MPRegen  0.38/turn              s - ring of resist corrosion

@: heroism, finesse, very slightly contaminated, drained
A: horns 1, icy blue scales 2, nightstalker 3, magic shield, magic regeneration
a: Heroism, Finesse, Renounce Religion


You were on level 2 of the Orcish Mines.
You worshipped Okawaru.
Okawaru was exalted by your worship.
You were hungry.

You visited 3 branches of the dungeon, and saw 18 of its levels.
You also visited: Labyrinth.

You collected 3157 gold pieces.

Inventory:

Hand Weapons
 a - a +7 vampiric bardiche (weapon)
 b - the +7 longbow of Terror {speed, rPois MR++ Int+4 Stlth-}
   (Okawaru gifted it to you on level 15 of the Dungeon)

   Attacks with this weapon are significantly faster.
   It affects your intelligence (+4).
   It protects you from poison.
   It affects your resistance to hostile enchantments.
   It makes you less stealthy.
 H - a +0 blowgun
 N - a +0 great sword of electrocution
 Q - a +1 great sword
 R - the +5 quarterstaff of the Gnat {freeze, Str+2 Dex+3 Stlth+}
   (You found it on level 9 of the Dungeon)

   It has been specially enchanted to freeze those struck by it, causing extra
   injury to most foes and up to half again as much damage against particularly
   susceptible opponents.
   It can also slow down cold-blooded creatures.
   It affects your strength (+2).
   It affects your dexterity (+3).
   It makes you more stealthy.
Missiles
 d - 474 arrows
 h - 3 steel tomahawks (quivered)
 n - 98 poisoned needles
 w - 232 sling bullets
 x - a throwing net
Armour
 t - a +2 ring mail of positive energy
 v - the +2 hat "Rahikos" (worn) {rC- Regen+ Dex+3}
   (Okawaru gifted it to you on level 11 of the Dungeon)

   It affects your dexterity (+3).
   It makes you vulnerable to cold.
   It increases your rate of regeneration.
 A - a +2 hat of see invisible
 J - a +2 shield
 O - the +7 Kryia's mail coat (worn) {PotionHeal*2 rC+}
   (You found it in a labyrinth)

   It protects you from cold.
 P - the +3 pair of gauntlets of War (worn) {Slay+5}
   (You acquired it on level 9 of the Dungeon)

   It affects your accuracy and damage with ranged weapons and melee attacks
   (+5).
 X - the +0 ring mail "Moto" {Str+4 SInv Stlth+}
   (You found it on level 12 of the Dungeon)

   It affects your strength (+4).
   It lets you see invisible.
   It makes you more stealthy.
 Y - a +2 cloak of poison resistance (worn)
 Z - a +1 plate armour of cold resistance
Jewellery
 s - a ring of resist corrosion (right hand)
 C - an uncursed ring of protection from cold
 M - an uncursed ring of resist corrosion
 T - the amulet "Doul" (around neck) {Faith *Drain rF++ MR+++}
   (You found it on level 9 of the Dungeon)

   [amulet of faith]

   It allows you to gain divine favour quickly.
   It greatly protects you from fire.
   It affects your resistance to hostile enchantments.
   It causes draining when unequipped.
 W - a +5 ring of protection (left hand)
Wands
 c - a wand of iceblast (3)
 e - a wand of random effects (20)
 u - a wand of digging (24)
 K - a wand of disintegration (15)
 L - a wand of flame (76)
Scrolls
 g - 3 scrolls of remove curse
 k - 9 scrolls of teleportation
 y - a scroll of blinking
 B - 2 scrolls of magic mapping
 G - 3 scrolls of amnesia
 I - a scroll of random uselessness
 U - 2 scrolls of identify
 V - 3 scrolls of fog
Potions
 l - 5 potions of flight
 m - 2 potions of haste
 p - 3 potions of lignification
 q - a potion of invisibility
 z - a potion of brilliance
 D - 3 potions of curing
 E - a potion of ambrosia
 F - a potion of degeneration {unknown}
 S - a potion of heal wounds {unknown}
Miscellaneous
 i - a crystal ball of energy
 j - a lightning rod (inert)
 o - a fan of gales
 r - a phial of floods
Comestibles
 f - 17 rations


   Skills:
 + Level 9.0(13.6) Fighting
 - Level 3.1(7.7) Long Blades
 * Level 7.8(13.7) Polearms
 - Level 7.0(13.2) Staves
 * Level 2.5(7.2) Bows
 + Level 8.1(12.7) Armour
 + Level 7.6(12.2) Dodging
 * Level 11.5(16.1) Stealth
 + Level 8.3(12.9) Shields
 * Level 13.9(13.5) Invocations
 + Level 6.5(6.2) Evocations


You had 13 spell levels left.
You didn't know any spells.

Dungeon Overview and Level Annotations

Branches:
Dungeon (15/15)            Temple (1/1) D:7            Lair (0/6) D:11
    Orc (2/2) D:10         Vaults (0/5) D:14         Depths (0/5) D:15
    Elf: Orc:2

Altars:
Ashenzari
Elyvilon
Fedhas
Gozag
Hepliaklqana
Nemelex Xobeh
Okawaru
Trog
Wu Jian
Xom
Yredelemnul
The Shining One
Beogh

Shops:
D:8 (   D:13 *   Orc:2 =

Portals:
Trove: D:14 (give +7 demon whip)

Annotations:
D:2 Natasha


Innate Abilities, Weirdness & Mutations

You have a pair of small horns on your head.
You are mostly covered in icy blue scales. (AC +3)
You are completely attuned to the shadows.
When hurt, damage is shared between your health and your magic reserves.
You regenerate magic rapidly.


Message History

The orcs go into a battle-frenzy!
You slash the orc warrior!
You feel better.
You headbutt the orc warrior, but do no damage.
The orc warrior is severely wounded.
The orc warrior hits you but does no damage.
You are electrocuted!
You slice the orc warlord!!
You headbutt the orc warlord, but do no damage.
The orc warlord is severely wounded.
The orc warlord hits you with a long sword of slicing!!
* * * LOW HITPOINT WARNING * * *
x2 You barely miss the orc warlord.
You headbutt the orc warlord.
The orc warlord is almost dead.
The orc warrior hits you but does no damage.
You are electrocuted!
* * * LOW HITPOINT WARNING * * *
You hit the orc warlord.
You feel better.
The orc warlord is almost dead.
The orc warlord hits you with a long sword of slicing!
You die...

#.....#.....#.........
#####.#.....#....<....
#∩..#.'..⌠..#......)))
#...'.#.....#......)).
#...#.#.[)).#.......)#
#####.###'###......###
...#.#...........###.
..ooo#...........##..
#@##.........#####
#+##.......###.##.
#.......##....#
......#.....
............
.......#).).
............
P..........
♣.......)..


You could see an orc warlord, an orc knight and an orc warrior.

Vanquished Creatures
  Rupert (D:12)
  An orc warlord (Orc:1)
  The ghost of anacleto the Severer, a journeyman MiBe of Trog (D:14)
  Azrael (D:15)
  2 fire dragons (D:15)
  A minotaur (Lab)
  3 ogre magi
  A great orb of eyes (D:12)
  The ghost of skjohnston the Blocker, a journeyman MiFi of Qazlal (D:11)
  Harold (D:11)
  Erolcha (Orc:1)
  4 hydras
  7 centaur warriors
  2 tengu warriors (D:15)
  11 two-headed ogres
  Nergalle (D:10)
  4 unseen horrors
  A wizard (D:14)
  A necromancer (D:14)
  3 orc knights (Orc:2)
  3 deep elf magi
  8 ugly things
  4 cyclopes
  2 orc sorcerers (Orc:2)
  4 manticores
  A wolf spider (D:12)
  The ghost of Sephirjon the Cudgeler, a novice TrMo (D:6)
  A black mamba (shapeshifter) (D:12)
  2 gargoyles
  4 kobold demonologists
  A komodo dragon (D:10)
  11 trolls
  2 yaktaurs (D:12)
  A hornet (D:11)
  A meliai (D:12)
  7 slime creatures
  3 hippogriffs
  A vampire (D:13)
  16 yaks
  3 shadows
  2 fire elementals (D:15)
  2 wyverns (D:12)
  A hog (shapeshifter) (D:14)
  2 wraiths
  A human (D:12)
  2 basilisks
  3 hungry ghosts
  10 vampire mosquitoes
  5 wargs
  2 acid dragons (D:15)
  2 hell hounds (D:15)
  25 orc warriors
  2 ice beasts
  3 sky beasts
  A black bear (D:13)
  21 ogres
  2 eyes of draining
  4 necrophages (D:7)
  4 phantoms
  A boggart (D:12)
  6 centaurs
  6 big kobolds
  11 bullfrogs
  3 gnoll sergeants (D:10)
  2 scorpions
  3 wyvern skeletons
  4 killer bees (D:11)
  2 spriggan skeletons (D:14)
  11 wights
  7 howler monkeys
  4 crimson imps
  2 bullfrog zombies
  4 centaur zombies
  9 orc priests
  4 hounds
  4 jellies
  7 centaur skeletons
  A gnoll shaman (D:7)
  5 bullfrog skeletons
  Jessica (D:3)
  8 worker ants
  Natasha (D:2)
  5 iguanas
  23 orc wizards
  A killer bee zombie (D:7)
  2 hound skeletons
  A mummy (D:7)
  A howler monkey zombie (D:10)
  11 gnolls
  12 adders
  4 shadow imps
  An ooze (D:5)
  An adder skeleton (D:9)
  3 worms
  2 dart slugs
  7 leopard geckos
  121 orcs
  6 giant cockroaches
  16 goblins
  8 hobgoblins
  8 jackals
  33 kobolds
  4 quokkas
  15 bats
  5 frilled lizards
  A jackal skeleton (D:7)
  2 quokka skeletons (D:7)
  2 quokka zombies
  3 rats
622 creatures vanquished.

Vanquished Creatures (collateral kills)
  An orc wizard (D:10)
1 creature vanquished.

Grand Total: 623 creatures vanquished

Notes
Turn   | Place    | Note
-------+----------+-------------------------------------------
     0 | D:1      | suicidejoker the Demonspawn Fighter began the quest for the Orb.
     0 | D:1      | Reached XP level 1. HP: 18/18 MP: 1/1
   247 | D:1      | Gained mutation: When hurt, damage is shared between your health and your magic reserves. [demonic ancestry]
   247 | D:1      | Reached XP level 2. HP: 24/24 MP: 2/2
   485 | D:1      | Gained mutation: You are slightly more attuned to the shadows. [demonic ancestry]
   485 | D:1      | Reached XP level 3. HP: 28/29 MP: 3/3
  1096 | D:2      | Found a glowing golden altar of the Shining One.
  1215 | D:2      | Noticed Natasha
  1224 | D:2      | Noticed an ice beast
  1232 | D:2      | Killed Natasha
  1232 | D:2      | Reached skill level 1 in Stealth
  1232 | D:2      | Reached XP level 4. HP: 20/35 MP: 4/4
  1240 | D:2      | Killed an ice beast
  1240 | D:2      | Reached skill level 1 in Dodging
  1240 | D:2      | Gained mutation: You have a pair of small horns on your head. [demonic ancestry]
  1240 | D:2      | Reached XP level 5. HP: 25/41 MP: 5/5
  1444 | D:2      | Noticed Natasha
  1678 | D:3      | Found a faded altar of an unknown god.
  1728 | D:3      | Noticed Jessica
  1733 | D:3      | Killed Jessica
  1782 | D:3      | Found a shimmering altar of Xom.
  1803 | D:3      | Found an opulent altar of Gozag.
  1848 | D:3      | Found an ornate altar of the Wu Jian Council.
  1877 | D:3      | Gained mutation: You are significantly more attuned to the shadows. [demonic ancestry]
  1877 | D:3      | Reached XP level 6. HP: 27/48 MP: 3/6
  1880 | D:3      | Reached skill level 1 in Polearms
  2572 | D:4      | Reached XP level 7. HP: 39/54 MP: 7/7
  2890 | D:4      | Found a bloodstained altar of Trog.
  3199 | D:4      | Found an iron altar of Okawaru.
  3206 | D:4      | Became a worshipper of Warmaster Okawaru
  3386 | D:4      | Reached skill level 1 in Invocations
  3935 | D:5      | Entered Level 5 of the Dungeon
  3937 | D:5      | Found an iron altar of Okawaru.
  4021 | D:5      | Found a basalt altar of Yredelemnul.
  4097 | D:5      | Reached skill level 2 in Invocations
  4200 | D:5      | Gained mutation: You are completely attuned to the shadows. [demonic ancestry]
  4200 | D:5      | Reached XP level 8. HP: 61/61 MP: 9/9
  4430 | D:5      | Reached skill level 3 in Invocations
  4442 | D:5      | Reached * piety under Okawaru
  5071 | D:6      | Reached skill level 4 in Invocations
  5123 | D:6      | Noticed Sephirjon's ghost (novice TrMo)
  5147 | D:6      | Killed Sephirjon's ghost
  5147 | D:6      | Reached skill level 5 in Fighting
  5147 | D:6      | Reached skill level 5 in Stealth
  5410 | D:6      | Found a shattered altar of Ashenzari.
  5560 | D:6      | Noticed a hippogriff
  5577 | D:6      | Killed a hippogriff
  5577 | D:6      | Reached ** piety under Okawaru
  5577 | D:6      | Reached XP level 9. HP: 32/68 MP: 5/12
  5599 | D:6      | Reached skill level 5 in Invocations
  6220 | D:7      | Found a staircase to the Ecumenical Temple.
  6740 | D:7      | Reached *** piety under Okawaru
  6740 | D:7      | Reached skill level 6 in Invocations
  6765 | D:7      | Reached skill level 5 in Polearms
  7307 | Temple   | Entered the Ecumenical Temple
  7527 | D:8      | Found Voklut's Weapon Shoppe.
  7723 | D:8      | Found a white marble altar of Elyvilon.
  7923 | D:8      | Reached skill level 5 in Armour
  8248 | D:9      | Noticed a two-headed ogre
  8258 | D:9      | Killed a two-headed ogre
  8258 | D:9      | Reached **** piety under Okawaru
  8258 | D:9      | Reached skill level 5 in Shields
  8258 | D:9      | Reached skill level 7 in Invocations
  8258 | D:9      | Gained mutation: You are partially covered in icy blue scales. (AC +2) [demonic ancestry]
  8258 | D:9      | Reached XP level 10. HP: 57/73 MP: 10/15
  8720 | D:9      | Got an ancient quarterstaff
  8726 | D:9      | Identified the +5 quarterstaff of the Gnat {freeze, Str+2 Dex+3 Stlth+} (You found it on level 9 of the Dungeon)
  8806 | D:9      | Found a blossoming altar of Fedhas.
  8849 | D:9      | Got a twitching tin amulet
  9156 | D:9      | Identified a scroll of acquirement
  9157 | D:9      | Found the +3 pair of gauntlets of War {Slay+5}
  9164 | D:9      | Identified the amulet "Doul" {Faith *Drain rF++ MR+++} (You found it on level 9 of the Dungeon)
  9196 | D:10     | Entered Level 10 of the Dungeon
  9429 | D:10     | Reached skill level 1 in Staves
  9467 | D:10     | Noticed Nergalle
  9521 | D:10     | Noticed a white ugly thing
  9541 | D:10     | Noticed a two-headed ogre
  9542 | D:10     | Killed a white ugly thing
  9548 | D:10     | Killed a two-headed ogre
  9548 | D:10     | Reached ***** piety under Okawaru
  9548 | D:10     | Reached skill level 1 in Evocations
  9555 | D:10     | Reached skill level 8 in Invocations
  9573 | D:10     | Received a gift from Okawaru
  9909 | D:10     | Found a staircase to the Orcish Mines.
 10200 | D:10     | Gained mutation: You are mostly covered in icy blue scales. (AC +3) [demonic ancestry]
 10200 | D:10     | Reached XP level 11. HP: 73/80 MP: 14/17
 10492 | D:10     | Received a gift from Okawaru
 10698 | D:10     | Reached skill level 9 in Invocations
 10790 | D:10     | Reached skill level 5 in Dodging
 10814 | D:10     | Killed Nergalle
 11090 | D:11     | Noticed a two-headed ogre
 11095 | D:11     | Killed a two-headed ogre
 11191 | D:11     | Noticed skjohnston's ghost (journeyman MiFi)
 11194 | D:11     | Noticed Harold
 11202 | D:11     | Killed skjohnston's ghost
 11202 | D:11     | Received a gift from Okawaru
 11211 | D:11     | Killed Harold
 11218 | D:11     | Got a shimmering hat {god gift}
 11224 | D:11     | Identified the +2 hat "Rahikos" {rC- Regen+ Dex+3} (Okawaru gifted it to you on level 11 of the Dungeon)
 11304 | D:11     | Noticed a soul eater
 11589 | D:11     | Noticed an ogre mage
 11590 | D:11     | Noticed a centaur warrior
 11593 | D:11     | Killed an ogre mage
 11593 | D:11     | Reached ****** piety under Okawaru
 11593 | D:11     | Reached skill level 10 in Invocations
 11600 | D:11     | Killed a centaur warrior
 11609 | D:11     | Found a staircase to the Lair.
 11630 | D:11     | Gained mutation: You regenerate magic rapidly. [demonic ancestry]
 11630 | D:11     | Reached XP level 12. HP: 83/88 MP: 15/19
 11716 | D:11     | Reached skill level 5 in Staves
 11821 | D:11     | Noticed a two-headed ogre
 11830 | D:11     | Killed a two-headed ogre
 11830 | D:11     | Received a gift from Okawaru
 12766 | D:12     | Noticed a centaur warrior
 12780 | D:12     | Noticed a five-headed hydra
 12784 | D:12     | Noticed a centaur warrior
 12785 | D:12     | Noticed a centaur warrior
 12787 | D:12     | Noticed an ogre mage
 12792 | D:12     | Killed a five-headed hydra
 12798 | D:12     | Killed a centaur warrior
 12798 | D:12     | Reached skill level 11 in Invocations
 12813 | D:12     | Received a gift from Okawaru
 12816 | D:12     | Killed a centaur warrior
 12826 | D:12     | Killed a centaur warrior
 12831 | D:12     | Killed an ogre mage
 12861 | D:12     | Noticed a centaur warrior
 12866 | D:12     | Killed a centaur warrior
 12866 | D:12     | Reached XP level 13. HP: 71/95 MP: 19/21
 12990 | D:12     | Reached skill level 10 in Stealth
 13100 | D:12     | Noticed Rupert
 13102 | D:12     | Received a gift from Okawaru
 13117 | D:12     | Killed Rupert
 13117 | D:12     | Reached skill level 5 in Evocations
 13568 | D:12     | Reached skill level 12 in Invocations
 13610 | D:12     | Got a pitted ring mail
 13621 | D:12     | Identified the cursed +0 ring mail "Moto" {Str+4 SInv Stlth+} (You found it on level 12 of the Dungeon)
 14015 | D:13     | Found Doasoadd's Elemental Accessories.
 14083 | D:13     | Found a labyrinth entrance.
 14100 | D:13     | Received a gift from Okawaru
 14125 | Lab      | Entered a labyrinth
 15110 | Lab      | Noticed a minotaur
 15114 | Lab      | Killed a minotaur
 15117 | Lab      | Found the +7 Kryia's mail coat {PotionHeal*2 rC+}
 15926 | D:14     | Noticed anacleto's ghost (journeyman MiBe)
 15942 | D:14     | Killed anacleto's ghost
 16073 | D:14     | Found a portal to a secret trove of treasure.
 16092 | D:14     | Received a gift from Okawaru
 16185 | D:14     | Reached XP level 14. HP: 103/103 MP: 23/23
 16223 | D:14     | Found a gate to the Vaults.
 16681 | D:15     | Entered Level 15 of the Dungeon
 16738 | D:15     | Reached skill level 13 in Invocations
 16905 | D:15     | Noticed Azrael
 16914 | D:15     | Killed Azrael
 16949 | D:15     | Found a staircase to the Depths.
 17089 | D:15     | Received a gift from Okawaru
 17095 | D:15     | Got a steaming longbow {god gift}
 17096 | D:15     | Identified the +7 longbow of Terror {speed, rPois MR++ Int+4 Stlth-} (Okawaru gifted it to you on level 15 of the Dungeon)
 17794 | Orc:1    | Entered Level 1 of the Orcish Mines
 17794 | Orc:1    | Noticed an orc warlord
 17805 | Orc:1    | Noticed Erolcha
 17813 | Orc:1    | Killed Erolcha
 17815 | Orc:1    | Killed an orc warlord
 17815 | Orc:1    | Reached skill level 1 in Bows
 18122 | Orc:1    | Received a gift from Okawaru
 18504 | Orc:2    | Entered Level 2 of the Orcish Mines
 19088 | Orc:2    | Found a roughly hewn altar of Beogh.
 19282 | Orc:2    | Found Nocenn's Jewellery Emporium.
 19282 | Orc:2    | Noticed an orc warlord
 19307 | Orc:2    | Slain by an orc warlord

Skill      XL: |  1  2  3  4  5  6  7  8  9 10 11 12 13 14 |
---------------+-------------------------------------------+-----
Long Blades    | 2 3 |  3.1
Armour         | 3 4 5 6 7 8 |  8.1
Stealth        | 1 2 3 4 5 6 7 8 9 10 11 | 11.5
Shields        | 3 4 5 6 7 8 |  8.3
Dodging        | 1 2 3 4 5 6 7 |  7.6
Polearms       | 2 4 5 6 7 |  7.8
Fighting       | 4 5 6 7 8 9 |  9.0
Invocations    | 2 4 7 8 10 11 12 13 | 13.9
Staves         | 3 4 6 7 |  7.0
Evocations     | 2 3 4 5 6 |  6.5
Bows           | 2 |  2.5

Action                   |  1- 3 |  4- 6 |  7- 9 | 10-12 | 13-15 || total
-------------------------+-------+-------+-------+-------+-------++-------
Melee: Long sword        |   106 |    28 |       |       |       ||   134
       Spear             |       |   164 |   477 |   162 |       ||   803
       Headbutt          |       |    33 |    78 |   150 |   115 ||   376
       Quarterstaff      |       |       |       |   376 |    42 ||   418
       Bardiche          |       |       |       |       |   557 ||   557
 Fire: Longbow           |       |       |       |       |    22 ||    22
Throw: Stone             |       |       |     5 |    18 |     4 ||    27
       Tomahawk          |       |       |       |       |     6 ||     6
       Throwing net      |       |       |       |       |     1 ||     1
Invok: Heroism           |       |       |     2 |     2 |     4 ||     8
       Finesse           |       |       |       |     2 |     4 ||     6
Evoke: Wand              |       |       |     6 |    18 |    18 ||    42
       Phial of floods   |       |       |       |     2 |       ||     2
       Lightning rod     |       |       |       |       |     8 ||     8
  Use: Potion            |     2 |     1 |     1 |     7 |     2 ||    13
       Scroll            |       |     6 |    16 |     3 |     9 ||    34
 Stab: Sleeping          |       |     2 |    29 |    19 |    50 ||   100
       Distracted        |       |       |     2 |     5 |     4 ||    11
       Paralysed         |       |       |     4 |     8 |     2 ||    14
  Eat: Chunk             |     1 |     5 |    13 |    15 |     7 ||    41
       Ration            |       |       |     3 |       |    10 ||    13
Armor: Scale mail        |    57 |    68 |    90 |    34 |   426 ||   675
       Plate armour      |       |       |       |   197 |    34 ||   231
       Ring mail         |       |       |       |     6 |     4 ||    10
Dodge: Dodged            |    43 |    38 |    89 |   177 |   613 ||   960
Block: Shield            |    64 |    60 |   141 |    20 |       ||   285
       Rpst.: Long sword |    18 |     1 |       |       |       ||    19
